 Dungeon Crawl Stone Soup version 0.32-a0-360-gcd93b57ba1 (webtiles) character file.

Game seed: 16644833239410602076

109 wilfster70 the Digger (level 4, -8/24 HPs)
             Began as a Gargoyle Earth Elementalist on Feb 18, 2024.
             Was an Initiate of Elyvilon.
             Killed by divine providence
             ... invoked by an orc priest
              (12 damage)
             ... on level 3 of the Dungeon.
             The game lasted 00:05:45 (1561 turns).

wilfster70 the Digger (Gargoyle Earth Elementalist) Turns: 1561, Time: 00:05:46

Health: -8/24      AC:  6    Str: 12    XL:     4   Next: 89%
Magic:  6/8        EV: 11    Int: 17    God:    Elyvilon [......]
Gold:   95         SH:  0    Dex: 10    Spells: 4/8 levels left

rFire   . . .        a - +3 dagger (venom)
rCold   . . .        (no shield)
rNeg    + . .        e - +0 robe
rPois   ∞            (no helmet)
rElec   +            (no cloak)
rCorr   .            h - +0 pair of gloves
SInv    .            (no boots)
Will    .....        (no amulet)
Stlth   ++           (no ring)
HPRegen 0.24/turn    (no ring)
MPRegen 0.11/turn

%: no passive effects
@: no status effects
A: sickness immunity, AC +3, negative energy resistance 1, electricity
resistance, torment resistance 1, petrification resistance
a: Renounce Religion


You were on level 3 of the Dungeon.
You worshipped Elyvilon.
Elyvilon was noncommittal.
You visited 1 branch of the dungeon, and saw 3 of its levels.

You collected 95 gold pieces.

Inventory:

Hand Weapons
 a - a +3 dagger of venom (weapon)
Missiles
 c - 5 atropa-tipped darts
Armour
 e - a +0 robe (worn)
 h - a +0 pair of gloves (worn)
Scrolls
 d - 2 scrolls of enchant armour {unknown}
 i - a scroll of enchant weapon
 j - a scroll of fog {unknown}
Potions
 b - a potion of magic
 f - a potion of haste
 g - a potion of curing {unknown}
 k - a potion of heal wounds {unknown}


   Skills:
 - Level 1.5 Dodging
 - Level 2.1 Stealth
 + Level 2.8 Spellcasting
 - Level 2.2 Conjurations
 * Level 5.3 Earth Magic
 + Level 0.8 Invocations


You had 4 spell levels left.
You knew the following spells:

 Your Spells              Type           Power      Damage    Failure   Level
a - Sandblast             Erth           40%        2d10      1%          1
b - Stone Arrow           Conj/Erth      30%        3d8       12%         3

Your spell library contained the following spells:

 Spells                   Type           Power      Damage    Failure   Level
 Passwall                 Erth           20%        N/A       6%          3
 Brom's Barrelling Bould  Conj/Erth      15%        2d4       36%         4
 Petrify                  Alch/Erth      11%        N/A       52%         4


Dungeon Overview and Level Annotations

Branches:
Dungeon (3/15)

Altars:
Elyvilon


Innate Abilities, Weirdness & Mutations

You are immune to sickness and miasma.
Your stone body is resilient. (AC +3)
You are immune to poison.
You resist negative energy. (rN+)
You are resistant to electric shocks. (rElec)
You are resistant to unholy torment.
You are immune to petrification.


Message History

You see here a scroll of torment.
j - a scroll labelled QAYRAB IPEGOE
Found a bubbling red potion.
A bat comes into view.
Casting: Sandblast (safe; 1% risk of failure)
Confirm with . or Enter, or press ? or * to list all spells.
Aiming: Sandblast (safe; 1% risk of failure)
Press: ? - help, Shift-Dir - straight line, f - bat
Aim: a bat (74% to hit)
The blast of sand hits the bat!
You kill the bat!
Found 6 gold pieces, a flail and a scroll of noise.
k - a bubbling red potion You now have 95 gold pieces (gained 6). 2 orcs and 2 orc priests come into view.
The orc shouts!
The orc priest shouts!
Casting: Sandblast (safe; 1% risk of failure)
Confirm with . or Enter, or press ? or * to list all spells.
Aiming: Sandblast (safe; 1% risk of failure)
Press: ? - help, Shift-Dir - straight line, f - orc priest
Aim: an orc priest, wielding a +0 short sword and wearing a +0 ring mail (wandering, hasn't noticed you, 85% to hit)
The blast of sand hits the orc priest but does no damage.
The orc priest shouts!
The orc priest calls down the wrath of Beogh upon you.
Beogh smites you!
Ouch! That really hurt!
Casting: Sandblast (safe; 1% risk of failure)
Confirm with . or Enter, or press ? or * to list all spells.
Aiming: Sandblast (safe; 1% risk of failure)
Press: ? - help, Shift-Dir - straight line, f/p - orc priest
Aim: an orc priest, wielding a +0 short sword and wearing a +0 ring mail (85% to hit)
The blast of sand hits the orc priest.
The orc priest is lightly wounded.
The orc priest mumbles some strange prayers to Beogh against you.
Beogh smites you!
* * * LOW HITPOINT WARNING * * *
The orc priest mumbles some strange prayers to Beogh against you.
Beogh smites you!
Ouch! That really hurt!
You die...

#......# ###......#
#........#
##############........#
.....................##
.....................#
##############.......#
#.......# #..@....#
#.o###### #...oo.oo.
#..####### .... .....
#...... #......
#.......


You could see an orc priest.

Vanquished Creatures
  A bombardier beetle (D:3)
  4 endoplasms
  2 giant cockroaches (D:1)
  2 goblins (D:1)
  5 hobgoblins
  A jackal (D:1)
  2 quokkas
  5 ball pythons
  8 bats
  3 frilled lizards (D:2)
  6 kobolds
  4 rats (D:1)
43 creatures vanquished.

Notes
Turn   | Place    | Note
-------+----------+-------------------------------------------
     0 | D:1      | wilfster70 the Gargoyle Earth Elementalist began the quest
                  | for the Orb.
     0 | D:1      | Reached XP level 1. HP: 10/10 MP: 3/3
   112 | D:1      | Reached skill level 4 in Earth Magic
   112 | D:1      | Reached XP level 2. HP: 12/15 MP: 0/5
   502 | D:1      | Reached XP level 3. HP: 19/19 MP: 0/6
   506 | D:1      | Learned a level 3 spell: Stone Arrow
  1037 | D:2      | Reached XP level 4. HP: 24/24 MP: 4/7
  1191 | D:2      | Found a white marble altar of Elyvilon.
  1208 | D:2      | Became a worshipper of Elyvilon the Healer
  1445 | D:3      | Reached skill level 5 in Earth Magic
  1561 | D:3      | Killed from afar by an orc priest

Illustrated notes

Levels and vault maps discovered:
D:1:      minmay_arrival_split_and_join, layout_basic, serial_aquarium,
          aquarium_bridge_long_joined [aquarium_subvault_wall,
          aquarium_subvault_wall, aquarium_subvault_balcony,
          aquarium_subvault_bridge, aquarium_subvault_bridge,
          aquarium_subvault_wall], aquarium_window_1, aquarium_window_corner,
          aquarium_window_corridor_1, aquarium_view_2g, aquarium_view_2c,
          aquarium_balcony_1b, minmay_ruptured
D:2:      layout_rooms, basic_altar
D:3:      layout_basic, xom_redecorated, nicolae_ru_awakened_eye,
          mainiacjoe_overflow_24_doors

Skill      XL: |  1  2  3  4 |
---------------+-------------+-----
Earth Magic    | 4 5 |  5.3
Conjurations   | 2 |  2.2
Dodging        | |  1.5
Stealth        | |  2.1
Spellcasting   | |  2.8
Invocations    | |  0.8

Action                     |  1- 3 |  4- 6 || total
---------------------------+-------+-------++-------
  Melee: Dagger            |     2 |     3 ||     5
  Throw: Dart              |     2 |       ||     2
   Cast: Sandblast         |    40 |    15 ||    55
    Use: Scroll            |       |     7 ||     7
 Armour: Robe              |    16 |     1 ||    17
  Dodge: Dodged            |    12 |     1 ||    13

Table legend: (Time is in decaauts)
 A = Elapsed time spent in this place.
 B = Non-inter-level travel time spent in this place.
 C = Inter-level travel time spent in this place.
 D = Time resting spent in this place.
 E = Time spent auto-exploring this place.
 F = Levels seen in this place.
 G = Mean time per level.
                   A        B        C        D        E       F      G
               +--------+--------+--------+--------+--------+-----+--------+
         Total |   1586 |   1546 |     40 |    265 |    653 |   3 |  528.7 |
       Dungeon |   1586 |   1546 |     40 |    265 |    653 |   3 |  528.7 |
               +--------+--------+--------+--------+--------+-----+--------+

Top non-repeatable levels by time:
     D:1: 919 daAuts
     D:2: 541 daAuts
     D:3: 125 daAuts
